 Dungeon Crawl Stone Soup version 0.27.0-1-g7a089689b8 (webtiles) character file.

Game seed: 10694438761859205173

4 Acheron the Skirmisher (level 1, 0/18 HPs)
             Began as a Demonspawn Abyssal Knight on Aug 1, 2021.
             Was an Initiate of Lugonu.
             Slain by a kobold (3 damage)
             ... on level 1 of the Dungeon.
             The game lasted 00:00:50 (168 turns).

Acheron the Skirmisher (Demonspawn Abyssal Knight)   Turns: 168, Time: 00:00:51

Health: 0/18       AC:  3    Str: 12    XL:     1   Next: 58%
Magic:  2/2        EV: 11    Int: 13    God:    Lugonu [......]
Gold:   9          SH:  0    Dex: 12    Spells: 0/0 levels left

rFire    . . .     SeeInvis .   a - +1 hand axe
rCold    . . .     Faith    .   (no shield)
rNeg     . . .     Spirit   .   b - +0 leather armour
rPois    .         Reflect  .   (no helmet)
rElec    .         Harm     .   (no cloak)
rCorr    .         Rampage  .   (no gloves)
Will     .....                  (no boots)
Stlth    +.........             (no amulet)
HPRegen  0.06/turn              (no ring)
MPRegen  0.08/turn              (no ring)

@: no status effects
A: no striking features
a: Renounce Religion


You were on level 1 of the Dungeon.
You worshipped Lugonu.
Lugonu was noncommittal.
You visited 1 branch of the dungeon, and saw 1 of its levels.
You visited the Abyss 1 time.

You collected 9 gold pieces.

Inventory:

Hand Weapons
 a - a +1 hand axe (weapon)
Armour
 b - a +0 leather armour (worn)


   Skills:
 + Level 3.0 Fighting
 + Level 1.8 Axes
 + Level 1.8 Armour
 * Level 0.9 Dodging
 * Level 0.3 Stealth
 * Level 2.6 Invocations


You couldn't memorise any spells.
You didn't know any spells.
Your spell library was empty.

Dungeon Overview and Level Annotations

Branches:
Dungeon (1/15)

Altars:


Message History

The kobold shouts!
The frilled lizard hisses angrily.
You hit the goblin.
The goblin is moderately wounded.
You hear a shout!
You hear a bark!
The goblin misses you.
A ball python comes into view.
You barely miss the goblin.
The goblin is moderately wounded.
The ball python hisses angrily.
You hit the frilled lizard.
You kill the frilled lizard!
Lugonu accepts your kill.
A bat comes into view.
The goblin barely misses you.
You hit the goblin but do no damage.
The goblin is moderately wounded.
The goblin hits you with a +0 club.
You hit the goblin.
The goblin is heavily wounded.
You completely miss the kobold. The goblin hits you with a +0 club.
The kobold hits you but does no damage.
A hobgoblin comes into view.
The goblin misses you.
You hit the goblin.
You kill the goblin!
Lugonu accepts your kill.
You hit the kobold but do no damage. The bat closely misses you.
The kobold hits you with a +0 club. The kobold hits you but does no damage.
You hit the ball python.
The ball python is severely wounded.
The ball python closely misses you. x2; The ball python bites you.
* * * LOW HITPOINT WARNING * * *
The ball python closely misses you.
You slash the ball python!
You kill the ball python!
Lugonu accepts your kill. The bat completely misses you.
The kobold throws a stone.
The stone hits you.
* * * LOW HITPOINT WARNING * * *
The bat barely misses you. The kobold hits you with a +0 club.
You die...

#.. # ..
#.# . ..
#.# ###. #.
#.# ..##.
#.# ....
#.##
#.####gb
#...
#....K)#
#.## #@#
########.##
#.#
#........†.
#.#
#.#.####..#
#.# #.#.#
#..# #.#
#.#.# #...
#.# #.#.#
#..# #.#
#.#.# #...
#.# #.#.#
##.# #.#
#.#.# #.#


You could see a hobgoblin, a bat and a kobold.

Vanquished Creatures
  An endoplasm (D:1)
  A goblin (D:1)
  A ball python (D:1)
  2 frilled lizards (D:1)
5 creatures vanquished.

Notes
Turn   | Place    | Note
-------+----------+-------------------------------------------
     0 | Abyss:1  | Acheron the Demonspawn Abyssal Knight began the quest for
                  | the Orb.
     0 | Abyss:1  | Reached XP level 1. HP: 18/18 MP: 2/2
    30 | Abyss:1  | Noticed a stone giant zombie
    31 | Abyss:1  | Noticed a small abomination
    48 | Abyss:1  | Noticed a thrashing horror
    49 | D:1      | Escaped the Abyss
   168 | D:1      | Slain by a kobold

Illustrated notes

Levels and vault maps discovered:
D:1:      heliophobic_arrival_enchanted_forest, layout_loops_ring,
          hellmonk_ecumenical_altar_blasted, minmay_misc_feat_encased,
          roderic_roman_lattice

Action                   || total
-------------------------++-------
Melee: Hand axe          ||    13
Invok: Depart the Abyss  ||     1
Armor: Leather armour    ||     3
Dodge: Dodged            ||    13
